 Dungeon Crawl Stone Soup version 0.26.0-10-g1f06aea511 (webtiles) character file.

Game seed: 8137061311522738220

1024 DerHolg the Cudgeller (level 8, -2/50 HPs)
             Began as a Gargoyle Fighter on Jan 14, 2021.
             Killed by divine providence
             ... invoked by an orc priest
              (12 damage)
             ... on level 5 of the Dungeon.
             The game lasted 00:23:20 (5812 turns).

DerHolg the Cudgeller (Gargoyle Fighter)            Turns: 5812, Time: 00:23:20

Health: -2/50      AC: 18    Str: 15    XL:     8   Next: 22%
Magic:  8/8        EV:  4    Int:  9    God:
Gold:   164        SH:  9    Dex: 11    Spells: 7/7 levels left

rFire    + + .     SeeInvis .   a - +0 flail
rCold    . . .     Faith    .   c - +0 kite shield
rNeg     + . .     Spirit   .   l - +1 chain mail of Tearathyss {rF++ rC- Will+++ Str-5}
rPois    ∞         Reflect  .   q - +1 helmet
rElec    +         Harm     .   (no cloak)
rCorr    .         Rampage  .   (no gloves)
Will     ++++.                  (no boots)
Stlth    ..........             (no amulet)
HPRegen  0.16/turn              p - ring of protection from cold
MPRegen  0.11/turn              r - ring of willpower

@: no status effects
A: negative energy resistance 1, electricity resistance, unbreathing,
petrification resistance, miasma immunity, AC +5
a: no special abilities


You were on level 5 of the Dungeon.
You visited 1 branch of the dungeon, and saw 5 of its levels.

You collected 164 gold pieces.

Inventory:

Hand Weapons
 a - a +0 flail (weapon)
 g - a +0 hunting sling
Missiles
 i - 121 stones (quivered)
 m - 51 sling bullets
 y - 4 boomerangs
Armour
 c - a +0 kite shield (worn)
 l - the +1 chain mail of Tearathyss (worn) {rF++ rC- Will+++ Str-5}
   (You found it on level 4 of the Dungeon)

   It affects your strength (-5).
   It greatly protects you from fire.
   It makes you vulnerable to cold.
   It affects your willpower, your defense against some magical effects.
 q - a +1 helmet (worn)
Jewellery
 p - a ring of protection from cold (left hand)
 r - a ring of willpower (right hand)
Wands
 j - a wand of random effects (15)
 k - a wand of flame (14)
 o - a wand of paralysis (10)
Scrolls
 e - 4 scrolls of identify
 f - a scroll of teleportation
 n - a scroll of immolation
 v - a scroll of acquirement {unknown}
Potions
 d - 2 potions of might
 h - a potion of ambrosia {unknown}
 s - a potion of flight {unknown}
 t - 2 potions of mutation {unknown}
 u - a potion of invisibility {unknown}
 w - a potion of brilliance {unknown}
 x - a potion of resistance {unknown}


   Skills:
 + Level 5.6 Fighting
 * Level 6.1 Maces & Flails
 + Level 5.6 Armour
 + Level 5.5 Shields


You had 7 spell levels left.
You didn't know any spells.
Your spell library contained the following spells:

 Spells                   Type           Power        Failure   Level
 Corona                   Hex            0%           100%        1
 Ensorcelled Hibernation  Hex/Ice        0%           100%        2
 Confusing Touch          Hex            0%           100%        3
 Dazzling Flash           Conj/Hex       0%           100%        3
 Tukima's Dance           Hex            0%           100%        3


Dungeon Overview and Level Annotations

Branches:
Dungeon (5/15)
 Temple: D:4-7

Altars:
Makhleb
Nemelex Xobeh
Sif Muna
Trog
Xom

Annotations:
D:2 Natasha, Sigmund


Innate Abilities, Weirdness & Mutations

You are resistant to torment.
Your stone body is resilient. (AC +5)
You are immune to poison.
You resist negative energy. (rN+)
You are resistant to electric shocks. (rElec)
You can survive without breathing.
You are immune to petrification.
You are immune to miasma.


Message History

The orc priest calls upon Beogh to heal the orc wizard.
The orc wizard is healed somewhat.
You block the orc wizard's attack. The jelly hits you but does no damage.
You hit the jelly.
Your hands burn!
The jelly is heavily wounded.
The orc priest invokes the aid of Beogh against you.
Beogh smites you!
* * * LOW HITPOINT WARNING * * *
The orc wizard completely misses you. You block the jelly's attack.
You thump the jelly!
You kill the jelly!
The orc wizard barely misses you.
The orc priest casts a cantrip, but nothing happens.
The orc wizard gestures wildly while chanting.
The orc wizard blinks!
The orc wizard gestures wildly while chanting.
The orc wizard blinks!
The orc priest invokes the aid of Beogh against you.
Beogh smites you!
You die...

...>....#....................*,*
......##.......##............>,**
.....####.####..#.......#.....,,*
......##...#..............§...,,*
......#.......................,,,
.#....#...................o....!.
##....#.....<.#.............#*...
#####.......[.#....o.o).....##...
####.........).@o...#..(......#,
#......##..........##.........#,
##.....##..#........[###o###...#,
.......###.#...........#o......#*
##....####.....................#*
#..........#.[[..................
.##.#......#..###.......#........
###..........##*##.....##........
.##..#.....#...#.......##........


You could see 2 orc priests and an orc.

Vanquished Creatures
  Eustachio (D:4)
  Duvessa (D:4)
  An ice beast (D:3)
  A sky beast (D:3)
  An ogre (D:4)
  A phantom (D:4)
  Dowan (D:3)
  2 hounds (D:4)
  An orc priest (D:5)
  A jelly (D:5)
  2 orc wizards
  Jessica (D:2)
  2 worker ants (D:4)
  3 gnolls (D:4)
  4 adders
  An ooze (D:3)
  An adder skeleton (D:4)
  2 worms
  A leopard gecko (D:2)
  10 orcs
  A ball python (D:4)
  2 giant cockroaches
  4 goblins
  4 hobgoblins
  4 jackals (D:2)
  2 quokkas
  6 bats
  4 frilled lizards
  A jackal skeleton (D:5)
  4 kobolds
  A quokka skeleton (D:5)
  4 rats
75 creatures vanquished.

Notes
Turn   | Place    | Note
-------+----------+-------------------------------------------
     0 | D:1      | DerHolg the Gargoyle Fighter began the quest for the Orb.
     0 | D:1      | Reached XP level 1. HP: 14/14 MP: 1/1
  1208 | D:2      | Reached XP level 2. HP: 19/19 MP: 2/2
  1243 | D:2      | Noticed Natasha
  1246 | D:2      | Noticed a crimson imp
  1463 | D:2      | Noticed Jessica
  1575 | D:2      | Killed Jessica
  1576 | D:2      | Reached XP level 3. HP: 23/23 MP: 3/3
  1892 | D:2      | Reached skill level 3 in Maces & Flails
  1906 | D:2      | Noticed Sigmund
  2041 | D:3      | Reached XP level 4. HP: 29/29 MP: 4/4
  2048 | D:3      | Noticed a sky beast
  2078 | D:3      | Killed a sky beast
  2079 | D:3      | Reached XP level 5. HP: 31/33 MP: 5/5
  2114 | D:3      | Noticed an ice beast
  2138 | D:3      | Killed an ice beast
  2139 | D:3      | Reached skill level 4 in Maces & Flails
  2139 | D:3      | Reached XP level 6. HP: 22/39 MP: 6/6
  2713 | D:3      | Found a burning altar of Makhleb.
  3137 | D:4      | Noticed Dowan
  3147 | D:4      | Noticed Duvessa
  3343 | D:4      | Killed Duvessa
  3412 | D:3      | Killed Dowan
  3413 | D:3      | Reached XP level 7. HP: 27/44 MP: 7/7
  3789 | D:4      | Reached skill level 5 in Fighting
  3789 | D:4      | Reached skill level 5 in Maces & Flails
  3789 | D:4      | Reached skill level 5 in Armour
  3920 | D:4      | Reached skill level 5 in Shields
  3955 | D:4      | Noticed Eustachio
  4007 | D:4      | Killed Eustachio
  4380 | D:4      | Identified the +1 chain mail of Tearathyss {rF++ rC-
                  | Will+++ Str-5} (You found it on level 4 of the Dungeon)
  4457 | D:4      | Noticed a wyvern
  4854 | D:4      | Reached XP level 8. HP: 49/49 MP: 8/8
  5159 | D:5      | Entered Level 5 of the Dungeon
  5194 | D:5      | Found a glowing silver altar of Zin.
  5196 | D:5      | Found a shadowy altar of Dithmenos.
  5196 | D:5      | Found a shimmering altar of Xom.
  5198 | D:5      | Found a sparkling altar of Nemelex Xobeh.
  5198 | D:5      | Found an iron altar of Okawaru.
  5198 | D:5      | Found a shimmering blue altar of Sif Muna.
  5309 | D:5      | Reached skill level 6 in Maces & Flails
  5771 | D:5      | Found a bloodstained altar of Trog.
  5812 | D:5      | Killed from afar by an orc priest

Illustrated notes

Levels and vault maps discovered:
D:1:      amcnicky_arrival_wind_blow, layout_basic
D:2:      layout_basic, uniq_natasha, uniq_jessica, uniq_sigmund
D:3:      layout_basic, lightli_temple_of_fire, hex_large
D:4:      layout_loops_cross, serial_bayou_pond_d, dk_noncrumbling_4,
          feat_on_display, uniq_duvessa, uniq_eustachio
D:5:      layout_cave_pools, bloody_trog, doesnt_xom_only_xom

Skill      XL: |  1  2  3  4  5  6  7  8 |
---------------+-------------------------+-----
Maces & Flails | 3 4 5 6 |  6.1
Fighting       | 4 5 |  5.6
Armour         | 4 5 |  5.6
Shields        | 4 5 |  5.5

Action                   |  1- 3 |  4- 6 |  7- 9 || total
-------------------------+-------+-------+-------++-------
Melee: Flail             |    93 |   129 |   176 ||   398
Throw: Stone             |       |     4 |     2 ||     6
  Use: Scroll            |       |     4 |     5 ||     9
Armor: Scale mail        |    31 |    65 |    59 ||   155
       Chain mail        |       |       |    73 ||    73
Dodge: Dodged            |    22 |    41 |    49 ||   112
Block: Kite shield       |    50 |    57 |   120 ||   227
